 Dungeon Crawl Stone Soup version 0.30-a0-723-gc1506a1cf0 (webtiles) character file.

Game seed: 6546044505946719563

112 teh the Grasshopper (level 4, -4/38 HPs)
             Began as a Gnoll Warper on Jan 28, 2023.
             Slain by an iguana (11 damage)
             ... on level 4 of the Dungeon.
             The game lasted 00:02:57 (2710 turns).

teh the Grasshopper (Gnoll Warper)                  Turns: 2710, Time: 00:02:57

Health: -4/38      AC:  4    Str: 12    XL:     4   Next: 93%
Magic:  11/11      EV: 12    Int: 13    God:
Gold:   116        SH:  0    Dex: 11    Spells: 6/13 levels left

rFire   . . .      SeeInvis .    a - +0 spear
rCold   . . .      Faith    .    (no shield)
rNeg    . . .      Spirit   .    b - +0 leather armour
rPois   .          Reflect  .    (no helmet)
rElec   .          Harm     .    v - +0 cloak
rCorr   .          Rampage  .    (no gloves)
Will    .....                    (no boots)
Stlth   +                        (no amulet)
HPRegen 0.26/turn                (no ring)
MPRegen 0.12/turn                (no ring)

@: no status effects
A: fangs 1, strong nose, distributed training
a: no special abilities


You were on level 4 of the Dungeon.
You visited 1 branch of the dungeon, and saw 4 of its levels.

You collected 142 gold pieces.
You spent 26 gold pieces at shops.

Inventory:

Hand Weapons
 a - a +0 spear (weapon)
Missiles
 d - 4 boomerangs of dispersal (quivered)
 o - 17 poisoned darts
 t - 5 boomerangs
Armour
 b - a +0 leather armour (worn)
 v - a +0 cloak (worn)
Jewellery
 g - a ring of magical power
 p - a ring of wizardry
Wands
 w - a wand of polymorph (12)
Scrolls
 c - a scroll of blinking
 e - a scroll of noise {unknown}
 j - 4 scrolls of identify
 r - 2 scrolls of fog {unknown}
 x - 2 scrolls of immolation {unknown}
 y - a scroll of teleportation {unknown}
Potions
 f - a potion of invisibility
 h - a potion of brilliance {unknown}
 i - 2 potions of flight {unknown}
 k - a potion of mutation {unknown}
 l - a potion of cancellation
 m - a potion of magic {unknown}
 n - 2 potions of degeneration {unknown}
 q - a potion of haste {unknown}
 s - a potion of lignification {unknown}
 u - 2 potions of curing {unknown}


   Skills:
 + Level 4.7 Fighting
 + Level 1.3 Short Blades
 + Level 1.3 Long Blades
 + Level 1.3 Axes
 + Level 1.3 Maces & Flails
 + Level 4.7 Polearms
 + Level 1.3 Staves
 + Level 1.3 Ranged Weapons
 + Level 2.9 Throwing
 + Level 2.9 Armour
 + Level 4.7 Dodging
 + Level 1.3 Stealth
 + Level 1.3 Shields
 + Level 1.3 Unarmed Combat
 + Level 5.1 Spellcasting
 + Level 1.1 Conjurations
 + Level 1.1 Hexes
 + Level 1.1 Summonings
 + Level 1.1 Necromancy
 + Level 5.5 Translocations
 + Level 1.1 Transmutations
 + Level 1.1 Fire Magic
 + Level 1.1 Ice Magic
 + Level 1.1 Air Magic
 + Level 1.1 Earth Magic
 + Level 1.1 Poison Magic
 + Level 1.5 Invocations
 + Level 1.3 Evocations


You had 6 spell levels left.
You knew the following spells:

 Your Spells              Type           Power      Damage    Failure   Level
a - Blink                 Tloc           34%        N/A       3%          2
b - Lesser Beckoning      Tloc           34%        N/A       3%          2
c - Vhi's Electric Charg  Tloc/Air       22%        N/A       19%         3

Your spell library contained the following spells:

 Spells                   Type           Power      Damage    Failure   Level
 Teleport Other           Tloc           17%        N/A       8%          3
 Sting                    Tmut/Pois      24%        1d4       16%         1
 Poisonous Vapours        Pois/Air       12%        N/A       22%         2
 Manifold Assault         Tloc           17%        N/A       24%         4
 Olgreb's Toxic Radiance  Pois           6%         N/A       83%         4


Dungeon Overview and Level Annotations

Branches:
Dungeon (4/15)
 Temple: D:4-7

Altars:
Elyvilon
Ru
Xom

Shops:
D:3 *


Innate Abilities, Weirdness & Mutations

You have very sharp teeth.
Your uncanny sense of smell can sniff out nearby items.
Your experience applies equally to all skills.


Message History

You are too injured to fight recklessly!
You are too injured to fight recklessly!
You are too injured to fight recklessly!
You are too injured to fight recklessly!
You are too injured to fight recklessly!
You are too injured to fight recklessly!
You are too injured to fight recklessly!
You are too injured to fight recklessly!
You are too injured to fight recklessly!
You hit the iguana.
The iguana is almost dead.
The iguana barely misses you.
You hit the iguana but do no damage.
The iguana is almost dead.
The iguana barely misses you.
You hit the iguana but do no damage.
The iguana is almost dead.
The iguana bites you but does no damage.
You hit the iguana.
The iguana is almost dead.
The iguana closely misses you.
You hit the iguana but do no damage. Your bite misses the iguana.
The iguana is almost dead.
The iguana bites you but does no damage.
You closely miss the iguana.
The iguana is almost dead.
The iguana closely misses you.
You closely miss the iguana.
The iguana is almost dead.
You hit the iguana but do no damage. You bite the iguana, but do no damage.
The iguana is almost dead.
The iguana bites you!
* * * LOW HITPOINT WARNING * * *
You barely miss the iguana.
The iguana is almost dead.
The iguana closely misses you.
You barely miss the iguana. You bite the iguana, but do no damage.
The iguana is almost dead.
The iguana bites you!
You die...

#######
#.....#######
#....@lg.....
#.....#######
#.....#.....###
#.....#.#.†...#
#.....#.#<....#
#####.#.#.....###
#.#...<......
#.#...#######
##'#...#


You could see an iguana and a hobgoblin.

Vanquished Creatures
  4 adders
  A worm (D:3)
  A dart slug (D:3)
  An orc (D:3)
  3 bats
  6 endoplasms
  2 giant cockroaches
  2 goblins
  5 hobgoblins
  6 jackals
  7 quokkas
  4 ball pythons
  5 frilled lizards
  11 kobolds
  8 rats
66 creatures vanquished.

Vanquished Creatures (others)
  8 plants (D:4)
8 creatures vanquished.

Grand Total: 74 creatures vanquished

Notes
Turn   | Place    | Note
-------+----------+-------------------------------------------
     0 | D:1      | teh the Gnoll Warper began the quest for the Orb.
     0 | D:1      | Reached XP level 1. HP: 20/20 MP: 6/6
    82 | D:1      | Reached XP level 2. HP: 12/26 MP: 7/7
   351 | D:1      | Reached skill level 5 in Spellcasting
   351 | D:1      | Reached XP level 3. HP: 29/31 MP: 7/9
   535 | D:1      | Reached skill level 1 in Invocations
   675 | D:1      | Learned a level 2 spell: Blink
   678 | D:1      | Learned a level 2 spell: Lesser Beckoning
   682 | D:1      | Learned a level 3 spell: Vhi's Electric Charge
   796 | D:2      | Reached skill level 1 in Short Blades
   796 | D:2      | Reached skill level 1 in Long Blades
   796 | D:2      | Reached skill level 1 in Axes
   796 | D:2      | Reached skill level 1 in Maces & Flails
   796 | D:2      | Reached skill level 1 in Staves
   796 | D:2      | Reached skill level 1 in Ranged Weapons
   796 | D:2      | Reached skill level 1 in Stealth
   796 | D:2      | Reached skill level 1 in Shields
   796 | D:2      | Reached skill level 1 in Unarmed Combat
   796 | D:2      | Reached skill level 1 in Evocations
  1073 | D:2      | Reached XP level 4. HP: 38/38 MP: 11/11
  1780 | D:3      | Reached skill level 1 in Conjurations
  1780 | D:3      | Reached skill level 1 in Hexes
  1780 | D:3      | Reached skill level 1 in Summonings
  1780 | D:3      | Reached skill level 1 in Necromancy
  1780 | D:3      | Reached skill level 1 in Transmutations
  1780 | D:3      | Reached skill level 1 in Fire Magic
  1780 | D:3      | Reached skill level 1 in Ice Magic
  1780 | D:3      | Reached skill level 1 in Air Magic
  1780 | D:3      | Reached skill level 1 in Earth Magic
  1780 | D:3      | Reached skill level 1 in Poison Magic
  1792 | D:3      | Found a shimmering altar of Xom.
  1794 | D:3      | Found a shimmering altar of Xom.
  1794 | D:3      | Found a shimmering altar of Xom.
  1796 | D:3      | Found a shimmering altar of Xom.
  1796 | D:3      | Found a shimmering altar of Xom.
  1946 | D:3      | Found a faded altar of an unknown god.
  2265 | D:3      | Found a white marble altar of Elyvilon.
  2321 | D:3      | Found a sacrificial altar of Ru.
  2337 | D:3      | Found Lagioca Athra's General Store.
  2340 | D:3      | Bought a scroll of identify for 26 gold pieces
  2710 | D:4      | Slain by an iguana

Illustrated notes

Levels and vault maps discovered:
D:1:      wander_arrival_abandoned_jail, layout_basic, minmay_tripent
D:2:      layout_loops_ring
D:3:      layout_loops_ring, xom_redecorated,
          mainiacjoe_overflow_catch_the_wave, serial_shops, nicolae_shop_trees,
          shapermc_ecumenical_altar_totnotflames, minmay_misc_feat_more_columns
D:4:      dreamdust_elfheim, layout_basic, mainiacjoe_overflow_cross_hatched,
          minmay_temple_entry_purple_smoke

Skill      XL: |  1  2  3  4 |
---------------+-------------+-----
Spellcasting   | 5 |  5.1
Invocations    | 1 |  1.5
Short Blades   | 1 |  1.3
Long Blades    | 1 |  1.3
Axes           | 1 |  1.3
Maces & Flails | 1 |  1.3
Staves         | 1 |  1.3
Ranged Weapons | 1 |  1.3
Stealth        | 1 |  1.3
Shields        | 1 |  1.3
Unarmed Combat | 1 |  1.3
Evocations     | 1 |  1.3
Conjurations   | 1 |  1.1
Hexes          | 1 |  1.1
Summonings     | 1 |  1.1
Necromancy     | 1 |  1.1
Transmutations | 1 |  1.1
Fire Magic     | 1 |  1.1
Ice Magic      | 1 |  1.1
Air Magic      | 1 |  1.1
Earth Magic    | 1 |  1.1
Poison Magic   | 1 |  1.1
Fighting       | |  4.7
Polearms       | |  4.7
Throwing       | |  2.9
Armour         | |  2.9
Dodging        | |  4.7
Translocations | |  5.5

Action                     |  1- 3 |  4- 6 || total
---------------------------+-------+-------++-------
  Melee: Spear             |   188 |   107 ||   295
         Bite              |    11 |     7 ||    18
         Punch             |     1 |     2 ||     3
  Throw: Boomerang         |       |     3 ||     3
   Cast: Blink             |       |     1 ||     1
    Use: Potion            |       |     2 ||     2
   Stab: Sleeping          |     1 |     2 ||     3
 Armour: Leather armour    |    37 |    16 ||    53
  Dodge: Dodged            |    99 |    49 ||   148

Table legend: (Time is in decaauts)
 A = Elapsed time spent in this place.
 B = Non-inter-level travel time spent in this place.
 C = Inter-level travel time spent in this place.
 D = Time resting spent in this place.
 E = Time spent auto-exploring this place.
 F = Levels seen in this place.
 G = Mean time per level.
                   A        B        C        D        E       F      G
               +--------+--------+--------+--------+--------+-----+--------+
         Total |   2674 |   2543 |    131 |      0 |   2071 |   4 |  668.5 |
       Dungeon |   2674 |   2543 |    131 |      0 |   2071 |   4 |  668.5 |
               +--------+--------+--------+--------+--------+-----+--------+

Top non-repeatable levels by time:
     D:3: 1098 daAuts
     D:2: 844 daAuts
     D:1: 670 daAuts
     D:4: 60 daAuts
